 Dungeon Crawl Stone Soup version 0.31-a0-345-g1ebeae05c6 (webtiles) character file.

Game seed: 12321834178203636380

498 RepHenryClay the Gusty (level 6, -2/48 HPs)
             Began as a Deep Elf Air Elementalist on July 23, 2023.
             Slain by a sleepcap (6 damage)
             ... on level 4 of the Dungeon.
             The game lasted 00:04:54 (3669 turns).

RepHenryClay the Gusty (Deep Elf Air Elementalist)  Turns: 3669, Time: 00:04:55

Health: -2/48      AC:  3    Str:  5    XL:     6   Next: 94%
Magic:  12/12      EV: 12    Int: 22    God:
Gold:   297        SH:  0    Dex: 15    Spells: 1/11 levels left

rFire   . . .        (no weapon)
rCold   . . .        (no shield)
rNeg    . . .        a - +0 robe
rPois   .            k - +0 helmet
rElec   .            (no cloak)
rCorr   .            (no gloves)
SInv    .            (no boots)
Will    .....        j - amulet of magic regeneration Stlth
                     (no ring)
HPRegen 0.28/turn    (no ring)
MPRegen 0.53/turn

%: no passive effects
@: brilliant, berserking, very quick
A: no striking features
a: no special abilities


You were on level 4 of the Dungeon.
You visited 2 branches of the dungeon, and saw 5 of its levels.

You collected 297 gold pieces.

Inventory:

Armour
 a - a +0 robe (worn)
 k - a +0 helmet (worn)
Jewellery
 j - an amulet of magic regeneration (around neck)
Scrolls
 c - a scroll of enchant armour {unknown}
 e - a scroll of vulnerability {unknown}
 f - a scroll of poison {unknown}
 g - a scroll of brand weapon {unknown}
 h - a scroll of noise {unknown}
 l - a scroll of immolation {unknown}
Potions
 b - a potion of magic
 d - 3 potions of curing


   Skills:
 - Level 2.4 Dodging
 - Level 2.4 Stealth
 - Level 3.0 Spellcasting
 + Level 5.6 Conjurations
 + Level 5.9 Air Magic


You had one spell level left.
You knew the following spells:

 Your Spells              Type           Power      Damage    Failure   Level
a - Shock                 Conj/Air       100%       1d9       1%          1
b - Static Discharge      Conj/Air       86%        2-6/arc   1%          2
c - Swiftness             Air            44%        N/A       3%          3
d - Airstrike             Air            22%        2d(4-20)  11%         4

Your spell library contained the following spells:

 Spells                   Type           Power      Damage    Failure   Level
 Necrotise                Necr           16%        1d4       12%         1
 Vampiric Draining        Necr           4%         2d6       36%         3
 Agony                    Necr           4%         N/A       98%         5


Dungeon Overview and Level Annotations

Branches:
Dungeon (4/15)             Temple (1/1) D:4

Altars:
Elyvilon
Nemelex Xobeh
Okawaru
Sif Muna
Uskayaw
Wu Jian
Yredelemnul
Zin
The Shining One

Shops:
D:4 *


Message History

The sleepcap is struck by an arc of lightning.
The sleepcap is almost destroyed.
You are struck by an arc of lightning.
The lightning grounds out.
The sleepcap releases spores at you.
You are engulfed in a cloud of soporific spores!
You fall asleep.
The sleepcap releases spores at you!!
You wake up.
Ouch! That really hurt!
* * * LOW HITPOINT WARNING * * *
Huge Dmg: -90%(-29hp) hp: 10%(3hp)
A giant cockroach comes into view.
It was a potion of brilliance.
You feel clever all of a sudden. The sleepcap misses you.
It was a potion of berserk rage.
A red film seems to cover your vision as you go berserk!
You feel yourself moving faster!
You feel mighty! The sleepcap closely misses you.
You hit the sleepcap.
You destroy the sleepcap!
You hit the sleepcap.
The sleepcap is moderately damaged.
The giant cockroach misses you.
You hit the sleepcap but do no damage.
The sleepcap is moderately damaged.
The sleepcap barely misses you. The giant cockroach bites you.
* * * LOW HITPOINT WARNING * * *
Huge Dmg: -4%(-2hp) hp: 9%(4hp)
You hit the sleepcap.
The sleepcap is heavily damaged.
The sleepcap closely misses you.
Unknown command.
You hit the sleepcap.
The sleepcap is heavily damaged.
The giant cockroach barely misses you.
Unknown command.
You hit the sleepcap but do no damage.
The sleepcap is heavily damaged.
The sleepcap releases spores at you.
You die...

#. #.#<..#.# .. #.. .. #.#####.# ##
######..##.### ##### #.......#
....... ..... ....#######..####
....... .... ..............>#
###.... ..# #...##.........
..:....####.# #..##.........
.......(..#.##########..##.........
#########.......f@B...#(.#.........
#######.#########.#....##.###.#
#.......#.........#.....#.# #.#
#.#####.........######..#.# #.#
#####.#.............######..#.# #.#
.....<#.###...................# #.#
......#.#.#............###.....##.#
..)...#.#.#...#######..# #.###....#
......#...#............# #.#####..#


You could see a sleepcap and a giant cockroach.

Vanquished Creatures
  Grinder (D:3)
  An ogre (D:4)
  An iguana (D:4)
  A sleepcap (D:4)
  Jessica (D:3)
  Robin (D:2)
  2 adders
  3 gnolls (D:2)
  2 worms
  2 dart slugs (D:2)
  6 endoplasms
  4 giant cockroaches
  16 goblins
  8 hobgoblins
  4 jackals (D:2)
  4 kobolds
  A quokka (D:2)
  2 ball pythons
  5 bats
  3 frilled lizards
  4 rats
72 creatures vanquished.

Notes
Turn   | Place    | Note
-------+----------+-------------------------------------------
     0 | D:1      | RepHenryClay the Deep Elf Air Elementalist began the quest
                  | for the Orb.
     0 | D:1      | Reached XP level 1. HP: 10/10 MP: 6/6
   265 | D:1      | Reached XP level 2. HP: 15/15 MP: 6/8
  1229 | D:2      | Found a faded altar of an unknown god.
  1297 | D:2      | Reached XP level 3. HP: 19/19 MP: 5/9
  1807 | D:2      | Reached XP level 4. HP: 24/24 MP: 7/10
  2090 | D:3      | Noticed Robin
  2118 | D:2      | Killed Robin
  2288 | D:3      | Noticed Jessica
  2290 | D:3      | Killed Jessica
  2291 | D:3      | Reached XP level 5. HP: 28/28 MP: 9/11
  2315 | D:3      | Found an ornate altar of the Wu Jian Council.
  2497 | D:3      | Noticed Grinder
  2498 | D:3      | Paralysed by Grinder for 2 turns
  2512 | D:3      | Paralysed by Grinder for 4 turns
  2521 | D:3      | Killed Grinder
  2522 | D:3      | Reached skill level 5 in Conjurations
  2522 | D:3      | Reached skill level 5 in Air Magic
  2522 | D:3      | Reached XP level 6. HP: 32/32 MP: 8/12
  2525 | D:3      | Learned a level 2 spell: Static Discharge
  2529 | D:3      | Learned a level 3 spell: Swiftness
  2534 | D:3      | Learned a level 4 spell: Airstrike
  3288 | D:4      | Found Zin's Purification Station.
  3289 | D:4      | Found a glowing silver altar of Zin.
  3321 | D:4      | Found a glowing golden altar of the Shining One.
  3549 | D:4      | Found a staircase to the Ecumenical Temple.
  3564 | Temple   | Entered the Ecumenical Temple
  3669 | D:4      | Slain by a sleepcap

Illustrated notes

Levels and vault maps discovered:
D:1:      dpeg_arrival_simpleton_c, layout_basic, grunt_decor_one_mirror,
          serial_bayou_crossing
D:2:      layout_loops_ring, hellmonk_ecumenical_altar_inner_sanctum,
          chequers_mini_garden, skrybe_limestone_x,
          hangedman_abyss_or_decor_lesser_grid
D:3:      layout_basic, nicolae_wu_jian_glorious_leap, minivault_24,
          uniq_jessica, uniq_grinder, uniq_robin
D:4:      layout_basic, mainiacjoe_overflow_cross_hatched, zin_purify,
          minmay_temple_entry_junction, uniq_natasha
Temple:   nicolae_temple_bog_church

Skill      XL: |  1  2  3  4  5 |
---------------+----------------+-----
Conjurations   | 2 3 5 |  5.6
Air Magic      | 4 5 |  5.9
Dodging        | |  2.4
Stealth        | |  2.4
Spellcasting   | |  3.0

Action                     |  1- 3 |  4- 6 || total
---------------------------+-------+-------++-------
  Melee: Unarmed           |       |     6 ||     6
   Cast: Shock             |    83 |    91 ||   174
         Static Discharge  |       |     4 ||     4
    Use: Potion            |       |     3 ||     3
 Armour: Robe              |     2 |     1 ||     3
  Dodge: Dodged            |    12 |    18 ||    30

Table legend: (Time is in decaauts)
 A = Elapsed time spent in this place.
 B = Non-inter-level travel time spent in this place.
 C = Inter-level travel time spent in this place.
 D = Time resting spent in this place.
 E = Time spent auto-exploring this place.
 F = Levels seen in this place.
 G = Mean time per level.
                   A        B        C        D        E       F      G
               +--------+--------+--------+--------+--------+-----+--------+
         Total |   3677 |   3562 |    115 |     57 |   3083 |   5 |  735.4 |
       Dungeon |   3675 |   3560 |    115 |     57 |   3083 |   4 |  918.8 |
        Temple |      1 |      1 |      0 |      0 |      0 |   1 |    1.0 |
               +--------+--------+--------+--------+--------+-----+--------+

Top non-repeatable levels by time:
     D:2: 1169 daAuts
     D:1: 978 daAuts
     D:3: 802 daAuts
     D:4: 724 daAuts
  Temple: 1 daAuts
